 Dungeon Sprint DCSS version 0.27-a0-263-gc8dee61f84 (webtiles) character file.

Game seed: 15037939071202654706

169666 mhtbhm the Axe Maniac (level 17, -12/187 (191) HPs)
             Began as a Minotaur Fighter on Feb 5, 2021.
             Was the Champion of Trog.
             Mangled by the Serpent of Hell (13 damage)
             ... in the Dungeon (Sprint VII: "The Pits").
             The game lasted 00:18:23 (8447 turns).

mhtbhm the Axe Maniac (Minotaur Fighter)            Turns: 8447, Time: 00:18:23

HP:   -12/187 (191) AC: 40    Str: 33    XL:     17   Next: 35%
MP:   16/16         EV: 12    Int:  5    God:    Trog [******]
Gold: 57            SH: 29    Dex:  8    Spells: 16/16 levels left

rFire    + . .     SeeInvis .   s - +12 broad axe of Law {flame, rC+}
rCold    + + .     Faith    .   c - +1 tower shield
rNeg     + . .     Spirit   .   b - +2 gold dragon scales
rPois    +         Reflect  .   (helmet restricted)
rElec    +         Harm     .   H - +1 cloak
rCorr    .         Rampage  .   G - +2 pair of gloves {Str+3}
Will     ++...     NoTele   +   o - +2 pair of boots
Stlth    ..........             z - amulet of the acrobat
HPRegen  0.41/turn              B - ring "Gistoh" {+Fly rElec rN+ Will+ Dex-3}
MPRegen  0.15/turn              y - ring of Hepliaklqana's Delight {rPois Str+3}

@: mighty, berserk cooldown, hasted, lightly drained, very quick
A: retaliatory headbutt, horns 2, blurry vision 1, MP-powered wands
a: Renounce Religion, Evoke Flight, Berserk, Trog's Hand, Brothers in Arms


You were in the Dungeon.
You worshipped Trog.
Trog was exalted by your worship.
You visited 1 branch You collected 57 gold pieces.

Inventory:

Hand Weapons
 a - a +2 vorpal war axe
 q - a +0 antimagic broad axe
 r - the +8 executioner's axe "Jokhlu Homa" {antimagic, rElec Str+2 Stlth+}
   (Trog gifted it to you in the Dungeon)

   It reduces the magical energy of the wielder, and disrupts the spells and
   magical abilities of those hit.
   Natural abilities and divine invocations are not affected.
   It affects your strength (+2).
   It insulates you from electricity.
   It makes you more stealthy.
 s - the +12 broad axe of Law (weapon) {flame, rC+}
   (Trog gifted it to you in the Dungeon)

   It has been specially enchanted to burn those struck by it, causing extra
   injury to most foes and up to half again as much damage against particularly
   susceptible opponents.
   Big, fiery blades are also staple armaments of hydra-hunters.
   It protects you from cold.
 t - a +4 antimagic executioner's axe
Missiles
 E - 16 silver javelins (quivered)
Armour
 b - +2 gold dragon scales (worn)
 c - a +1 tower shield (worn)
 o - a +2 pair of boots (worn)
 G - a +2 pair of gloves of strength (worn)
 H - a +1 cloak (worn)
Jewellery
 y - the ring of Hepliaklqana's Delight (right hand) {rPois Str+3}
   (You found it in the Dungeon)

   [ring of poison resistance]

   It affects your strength (+3).
   It protects you from poison.
 z - an amulet of the acrobat (around neck)
 A - an uncursed ring of protection from fire
 B - the ring "Gistoh" (left hand) {+Fly rElec rN+ Will+ Dex-3}
   (You found it in the Dungeon)

   [ring of willpower]

   It affects your dexterity (-3).
   It insulates you from electricity.
   It protects you from negative energy.
   It affects your willpower, your defense against some magical effects.
   It lets you fly.
 F - the ring "Golil" {rC++ Dex+4 SInv}
   (You took it off an orc sorcerer in the Dungeon)

   [ring of see invisible]

   It affects your dexterity (+4).
   It greatly protects you from cold.
   It lets you see invisible.
Wands
 C - a wand of digging (5)
Scrolls
 j - a scroll of blinking
 l - 4 scrolls of remove curse
 m - a scroll of summoning
 u - 3 scrolls of fog
 v - 6 scrolls of enchant weapon
 w - 2 scrolls of enchant armour
 x - a scroll of fear
Potions
 d - a potion of might
 e - 6 potions of curing
 f - 8 potions of heal wounds
 g - 2 potions of haste
 h - 4 potions of magic
 i - 5 potions of berserk rage
 k - a potion of invisibility
Miscellaneous
 n - a condenser vane (inert)
 p - a box of beasts
 D - a phantom mirror


   Skills:
 O Level 27 Fighting
 O Level 27 Axes
 + Level 15.2 Throwing
 O Level 27 Armour
 + Level 11.4 Dodging
 - Level 2.0 Stealth
 O Level 27 Shields
 + Level 18.7 Evocations


You had 16 spell levels left.
You didn't know any spells.
Your spell library was empty.

Dungeon Overview and Level Annotations

Branches:
Dungeon (1/1)

Altars:
Cheibriados
Dithmenos
Elyvilon
Fedhas
Gozag
Hepliaklqana
Makhleb
Nemelex Xobeh
Okawaru
Qazlal
Ru
Sif Muna
Trog
Vehumet
Wu Jian
Xom
Yredelemnul
Zin
The Shining One
Beogh
Jiyva
Lugonu

Annotations:
D Serpent of Hell


Innate Abilities, Weirdness & Mutations

You reflexively headbutt those who attack you in melee.
You have a pair of horns on your head.
Scrolls take you a little longer to read.
You expend magic power (3 MP) to strengthen your wands.


Message History

* * * LOW HITPOINT WARNING * * *
You block the Serpent of Hell's attack. x2
The Serpent of Hell barely misses you. You block the Serpent of Hell's attack.
The Serpent of Hell barely misses you.
Unknown command.
You closely miss the Serpent of Hell.
The Serpent of Hell is almost dead.
You slice the ice dragon!! You burn the ice dragon!
You are engulfed in blazing flames.
You resist.
The ice dragon is engulfed in blazing flames.
You block the ice dragon's attack. x2
The ice dragon tramples you but does no damage.
You block the Serpent of Hell's attack. The Serpent of Hell bites you!
* * * LOW HITPOINT WARNING * * *
You are engulfed in flames!
You resist.
* * * LOW HITPOINT WARNING * * *
The Serpent of Hell bites you!
* * * LOW HITPOINT WARNING * * *
You are engulfed in flames!
You resist.
You die...

#### .... ....
####### ## #####
##'#'..##.## #.'.##
#.#.##..'##. ####D##
#####'#..#'#
#.#@#.##+## #)##).##
#D###)#..+####'#..'
#D#D#.#.##.#.#.###..
##○#####..###)##.##.
#& #.#.##..'.###'#.
*D ##)#..#####.##..
##* #)#†##'.#.##'÷.#
#+ ###.#)####'#..'#
######.##..##.


You could see the Serpent of Hell, a fire dragon (summoned) and an ice dragon
(summoned).

Vanquished Creatures
  2 pandemonium lords (D)
  3 orbs of fire (D)
  2 ancient liches (D)
  2 royal mummies (D)
  Boris (D)
  A Killer Klown (D)
  A pearl dragon (D)
  3 Tzitzimimeh (D)
  2 Brimstone Fiends (D)
  A tentacled monstrosity (D)
  2 Ice Fiends (D)
  3 Hell Sentinels (D)
  A deep elf blademaster (D)
  A deep elf master archer (D)
  A lich (D)
  A quicksilver dragon (D)
  3 acid blobs (D)
  4 titans (D)
  A storm dragon (D)
  A draconian knight (D)
  2 ghost moths (D)
  A frost giant (D)
  A cacodemon (D)
  2 orc warlords (D)
  A draconian scorcher (D)
  A balrug (D)
  An emperor scorpion (D)
  A war gargoyle (D)
  3 reapers (D)
  An apis (D)
  A green draconian (D)
  2 white draconians (D)
  A yellow draconian (D)
  A deep elf annihilator (D)
  A minotaur (D)
  A merfolk javelineer (D)
  A deep elf death mage (D)
  A green death (D)
  3 yaktaur captains (D)
  A deep elf high priest (D)
  A great orb of eyes (D)
  2 naga warriors (D)
  2 vault guards (D)
  A hydra (D)
  A death knight (D)
  A merfolk avatar (D)
  A spriggan berserker (D)
  A hell knight (D)
  A spriggan druid (D)
  An unseen horror (D)
  3 swamp dragons (D)
  A death drake (D)
  A bog body (D)
  A necromancer (D)
  3 harpies (D)
  12 orc knights (D)
  2 wolf spiders (D)
  A moth of wrath (D)
  An orc sorcerer (D)
  2 manticores (D)
  A black mamba (D)
  A guardian serpent (D)
  A rust devil (D)
  A molten gargoyle (D)
  A smoke demon (D)
  An eye of devastation (D)
  A freezing wraith (D)
  2 yaktaurs (D)
  A rime drake (D)
  2 kobold demonologists (D)
  An efreet (D)
  3 hellwings (D)
  A komodo dragon (D)
  A guardian mummy (D)
  2 tyrant leeches (D)
  A polar bear (D)
  A hornet (D)
  5 redbacks (D)
  A wraith (D)
  2 ynoxinuls (D)
  2 hogs (D)
  A fire bat (D)
  A fire elemental (D)
  10 yaks (D)
  2 basilisks (D)
  4 vampire mosquitoes (D)
  A golden eye (D)
  A chaos spawn (D)
  2 steam dragons (D)
  A warg (D)
  A floating eye (shapeshifter) (D)
  2 floating eyes (D)
  2 orc warriors (D)
  An ogre (D)
  An eye of draining (D)
  2 centaurs (D)
  A necrophage (D)
  4 wolves (D)
  6 big kobolds (D)
  A bullfrog (D)
  A scorpion (D)
  4 killer bees (D)
  5 wights (D)
  A crimson imp (D)
  4 orc priests (D)
  An iron imp (D)
  A worker ant (D)
  A mummy (D)
  3 gnolls (D)
  2 river rats (D)
  A white imp (D)
  2 oozes (D)
  An adder zombie (D)
  An adder simulacrum (D)
  17 orcs (D)
  A bat (D)
  A bat skeleton (D)
  A bat zombie (D)
  A giant cockroach (D)
  A goblin (D)
  A bat simulacrum (D)
  A frilled lizard (D)
  6 kobolds (D)
  2 leopard gecko skeletons (D)
238 creatures vanquished.

Vanquished Creatures (collateral kills)
  A pandemonium lord (D)
  Kirke (D)
  A white draconian (D)
  An eidolon (D)
  An orc knight (D)
  2 hogs (D)
7 creatures vanquished.

Vanquished Creatures (others)
  A death ooze (D)
1 creature vanquished.

Grand Total: 246 creatures vanquished

Notes
Turn   | Place    | Note
-------+----------+-------------------------------------------
     0 | D        | mhtbhm the Minotaur Fighter began the quest for the Orb.
     0 | D        | Reached XP level 1. HP: 19/19 MP: 0/0
    17 | D        | Found a bloodstained altar of Trog.
    17 | D        | Found a shimmering blue altar of Sif Muna.
    17 | D        | Found a viscous altar of Jiyva.
    17 | D        | Found a hazy altar of Hepliaklqana.
    17 | D        | Found an opulent altar of Gozag.
    18 | D        | Found a glowing golden altar of the Shining One.
    18 | D        | Found a glowing silver altar of Zin.
    18 | D        | Found a basalt altar of Yredelemnul.
    18 | D        | Found a shimmering altar of Xom.
    18 | D        | Found an ornate altar of the Wu Jian Council.
    18 | D        | Found a sacrificial altar of Ru.
    18 | D        | Found a stormy altar of Qazlal.
    18 | D        | Found an iron altar of Okawaru.
    18 | D        | Found a sparkling altar of Nemelex Xobeh.
    18 | D        | Found a burning altar of Makhleb.
    18 | D        | Found a blossoming altar of Fedhas.
    18 | D        | Found a white marble altar of Elyvilon.
    18 | D        | Found a shadowy altar of Dithmenos.
    18 | D        | Found a snail-covered altar of Cheibriados.
    20 | D        | Found a radiant altar of Vehumet.
    20 | D        | Found a corrupted altar of Lugonu.
    20 | D        | Found a roughly hewn altar of Beogh.
    22 | D        | Became a worshipper of Trog the Wrathful
    67 | D        | Reached XP level 2. HP: 22/28 MP: 1/1
   126 | D        | Reached * piety under Trog
   141 | D        | Reached ** piety under Trog
   142 | D        | Reached skill level 5 in Shields
   145 | D        | Reached skill level 5 in Fighting
   145 | D        | Noticed a scorpion
   145 | D        | Noticed a floating eye
   148 | D        | Killed a scorpion
   148 | D        | Paralysed by a floating eye for 2 turns
   149 | D        | Reached skill level 5 in Armour
   149 | D        | Reached XP level 3. HP: 37/37 MP: 2/2
   149 | D        | Reached XP level 4. HP: 44/44 MP: 3/3
   151 | D        | Killed a floating eye
   152 | D        | Reached skill level 5 in Axes
   152 | D        | Reached skill level 1 in Dodging
   152 | D        | Reached XP level 5. HP: 52/52 MP: 4/4
   213 | D        | Noticed a necrophage
   214 | D        | Noticed a floating eye
   214 | D        | Noticed an ogre
   217 | D        | Reached *** piety under Trog
   219 | D        | Killed an ogre
   220 | D        | Reached XP level 6. HP: 62/62 MP: 5/5
   221 | D        | Killed a floating eye
   223 | D        | Reached **** piety under Trog
   224 | D        | Reached skill level 10 in Shields
   224 | D        | Reached XP level 7. HP: 71/71 MP: 6/6
   226 | D        | Reached skill level 10 in Fighting
   275 | D        | Reached skill level 10 in Armour
   280 | D        | Reached ***** piety under Trog
   287 | D        | Noticed a hellwing
   287 | D        | Noticed a black mamba
   298 | D        | Killed a black mamba
   299 | D        | Reached XP level 8. HP: 78/82 MP: 7/7
   309 | D        | Killed a hellwing
   309 | D        | Received a gift from Trog
   310 | D        | Reached skill level 10 in Axes
   563 | D        | Noticed a freezing wraith
   564 | D        | Noticed a komodo dragon
   568 | D        | Killed a freezing wraith
   572 | D        | Killed a komodo dragon
   573 | D        | Reached skill level 5 in Dodging
   679 | D        | Noticed a smoke demon
   679 | D        | Noticed a harpy
   680 | D        | Noticed a tyrant leech
   680 | D        | Noticed a harpy
   680 | D        | Noticed a harpy
   685 | D        | Killed a harpy
   685 | D        | Killed a harpy
   686 | D        | Reached XP level 9. HP: 56/91 MP: 8/8
   687 | D        | Killed a harpy
   688 | D        | Killed a smoke demon
   692 | D        | Killed a tyrant leech
   994 | D        | Noticed a swamp dragon
   999 | D        | Reached ****** piety under Trog
  1006 | D        | Killed a swamp dragon
  1006 | D        | Received a gift from Trog
  1007 | D        | Reached XP level 10. HP: 87/101 MP: 9/9
  1190 | D        | Got a twisted executioner's axe {god gift}
  1221 | D        | Identified the +8 executioner's axe "Jokhlu Homa"
                  | {antimagic, rElec Str+2 Stlth+} (Trog gifted it to you in
                  | the Dungeon)
  1237 | D        | Killed a ghost moth
  1238 | D        | Reached skill level 15 in Shields
  1247 | D        | Noticed a wolf spider
  1252 | D        | Killed a wolf spider
  1253 | D        | Reached skill level 15 in Axes
  1273 | D        | Received a gift from Trog
  1482 | D        | Received a gift from Trog
  1483 | D        | Noticed a sun demon
  1587 | D        | Noticed a swamp dragon
  1587 | D        | Noticed a manticore
  1593 | D        | Killed a swamp dragon
  1593 | D        | Received a gift from Trog
  1594 | D        | Reached XP level 11. HP: 111/111 MP: 3/10
  1767 | D        | Received a gift from Trog
  2058 | D        | Killed an unseen horror
  2059 | D        | Reached skill level 15 in Fighting
  2207 | D        | Noticed an orc knight
  2207 | D        | Noticed a spriggan druid
  2213 | D        | Received a gift from Trog
  2216 | D        | Killed an orc knight
  2220 | D        | Killed a spriggan druid
  2220 | D        | Received a gift from Trog
  2231 | D        | Received a gift from Trog
  2232 | D        | Noticed a wolf spider
  2241 | D        | Killed a wolf spider
  2245 | D        | Got a smoking broad axe {god gift}
  2309 | D        | Noticed an emperor scorpion
  2321 | D        | Killed an emperor scorpion
  2460 | D        | Reached skill level 15 in Armour
  2645 | D        | Identified the +12 broad axe of Law {flame, rC+} (Trog
                  | gifted it to you in the Dungeon)
  2681 | D        | Received a gift from Trog
  2692 | D        | Noticed a great orb of eyes
  2696 | D        | Received a gift from Trog
  2703 | D        | Paralysed by a great orb of eyes for 4 turns
  2712 | D        | Received a gift from Trog
  2713 | D        | Reached XP level 12. HP: 120/123 MP: 11/11
  2713 | D        | Killed a great orb of eyes
  2724 | D        | Received a gift from Trog
  2975 | D        | Got the ring "Gistoh" {+Fly rElec rN+ Will+ Dex-3}
  3159 | D        | Noticed a merfolk avatar
  3159 | D        | Noticed an acid blob
  3159 | D        | Noticed a deep elf death mage
  3159 | D        | Noticed a white draconian
  3159 | D        | Noticed a five-headed hydra
  3159 | D        | Noticed a merfolk javelineer
  3164 | D        | Killed a merfolk avatar
  3168 | D        | Killed a deep elf death mage
  3174 | D        | Killed an acid blob
  3175 | D        | Killed a merfolk javelineer
  3177 | D        | Killed a two-headed hydra
  3184 | D        | Received a gift from Trog
  3187 | D        | Killed a white draconian
  3191 | D        | Got the ring of Hepliaklqana's Delight {rPois Str+3}
  3403 | D        | Noticed a pearl dragon
  3410 | D        | Killed a pearl dragon
  3591 | D        | Noticed a Killer Klown
  3611 | D        | Killed a Killer Klown
  3612 | D        | Reached XP level 13. HP: 130/137 MP: 12/12
  3637 | D        | Noticed a Brimstone Fiend
  3652 | D        | Killed a Brimstone Fiend
  3967 | D        | Noticed a white draconian
  3974 | D        | Killed a white draconian
  3974 | D        | Received a gift from Trog
  3975 | D        | Reached skill level 1 in Stealth
  4095 | D        | Noticed an Ice Fiend
  4099 | D        | Killed an Ice Fiend
  4162 | D        | Noticed a lich
  4165 | D        | Killed a lich
  4287 | D        | Received a gift from Trog
  4314 | D        | Identified the cursed +1 robe of Indemnity {rElec rN+ Will+
                  | Dex-5}
  4319 | D        | Received a gift from Trog
  4334 | D        | Received a gift from Trog
  4347 | D        | Received a gift from Trog
  4376 | D        | Identified the ring "Golil" {rC++ Dex+4 SInv}
  4498 | D        | Noticed Kirke
  4498 | D        | Noticed an eidolon
  4501 | D        | Noticed an orc warlord
  4501 | D        | Noticed an orc warlord
  4503 | D        | Killed an eidolon
  4503 | D        | Received a gift from Trog
  4507 | D        | Killed Kirke
  4512 | D        | Killed an orc warlord
  4513 | D        | Killed an orc warlord
  4514 | D        | Reached skill level 1 in Evocations
  4514 | D        | Reached XP level 14. HP: 134/151 MP: 13/13
  4517 | D        | Received a gift from Trog
  4536 | D        | Received a gift from Trog
  4542 | D        | Received a gift from Trog
  4556 | D        | Noticed a frost giant
  4569 | D        | Killed a frost giant
  4569 | D        | Received a gift from Trog
  5050 | D        | Noticed a deep elf master archer
  5050 | D        | Noticed an orb of fire
  5050 | D        | Noticed a deep elf blademaster
  5050 | D        | Noticed a black draconian scorcher
  5061 | D        | Killed a deep elf master archer
  5063 | D        | Killed an orb of fire
  5063 | D        | Received a gift from Trog
  5064 | D        | Reached skill level 1 in Throwing
  5064 | D        | Killed a deep elf blademaster
  5065 | D        | Reached skill level 27 in Axes
  5065 | D        | Reached skill level 10 in Dodging
  5065 | D        | Killed a black draconian scorcher
  5323 | D        | Noticed a Hell Sentinel
  5337 | D        | Killed a Hell Sentinel
  5338 | D        | Reached skill level 5 in Evocations
  5338 | D        | Reached XP level 15. HP: 160/165 MP: 14/14
  5495 | D        | Noticed a titan
  5499 | D        | Killed a titan
  5499 | D        | Received a gift from Trog
  5502 | D        | Noticed Boris
  5509 | D        | Killed Boris
  5512 | D        | Noticed Azikhlut the pandemonium lord
  5540 | D        | Killed Azikhlut the pandemonium lord
  5540 | D        | Received a gift from Trog
  5812 | D        | Noticed a storm dragon
  5817 | D        | Killed a storm dragon
  5821 | D        | Noticed a titan
  5821 | D        | Noticed an acid blob
  5824 | D        | Killed an acid blob
  5826 | D        | Killed a titan
  5947 | D        | Killed a ghost moth
  5980 | D        | Noticed a quicksilver dragon
  5991 | D        | Killed a quicksilver dragon
  6077 | D        | Noticed a red draconian knight
  6084 | D        | Killed a red draconian knight
  6084 | D        | Received a gift from Trog
  6229 | D        | Noticed a Hell Sentinel
  6238 | D        | Killed a Hell Sentinel
  6252 | D        | Noticed an orb of fire
  6256 | D        | Gained mutation: Scrolls take you a little longer to read.
                  | [an orb of fire]
  6262 | D        | Killed an orb of fire
  6263 | D        | Reached XP level 16. HP: 173/182 MP: 15/15
  6425 | D        | Noticed a tentacled monstrosity
  6431 | D        | Killed a tentacled monstrosity
  6435 | D        | Noticed a royal mummy
  6446 | D        | Killed a royal mummy
  6446 | D        | Received a gift from Trog
  6447 | D        | Reached skill level 27 in Fighting
  6643 | D        | Noticed an Ice Fiend
  6652 | D        | Killed an Ice Fiend
  6988 | D        | Noticed a Tzitzimitl
  6993 | D        | Killed a Tzitzimitl
  7182 | D        | Noticed Qebeafer the pandemonium lord
  7206 | D        | Killed Qebeafer the pandemonium lord
  7207 | D        | Reached skill level 5 in Throwing
  7207 | D        | Reached skill level 27 in Shields
  7474 | D        | Received a gift from Trog
  7563 | D        | Noticed a titan
  7566 | D        | Killed a titan
  7570 | D        | Noticed an orb of fire
  7570 | D        | Gained mutation: You expend magic power (3 MP) to
                  | strengthen your wands. [an orb of fire]
  7575 | D        | Noticed an acid blob
  7578 | D        | Killed an acid blob
  7583 | D        | Killed an orb of fire
  7584 | D        | Reached skill level 27 in Armour
  7584 | D        | Reached skill level 10 in Evocations
  7734 | D        | Noticed a titan
  7744 | D        | Killed a titan
  7744 | D        | Received a gift from Trog
  7809 | D        | Noticed a Tzitzimitl
  7817 | D        | Killed a Tzitzimitl
  7818 | D        | Reached skill level 10 in Throwing
  8122 | D        | Noticed a Tzitzimitl
  8125 | D        | Killed a Tzitzimitl
  8125 | D        | Noticed a Brimstone Fiend
  8130 | D        | Killed a Brimstone Fiend
  8329 | D        | Noticed a royal mummy
  8339 | D        | Killed a royal mummy
  8339 | D        | Received a gift from Trog
  8340 | D        | Reached skill level 15 in Evocations
  8340 | D        | Reached XP level 17. HP: 166/191 MP: 16/16
  8394 | D        | Noticed a Hell Sentinel
  8396 | D        | Noticed an ancient lich
  8401 | D        | Killed an ancient lich
  8401 | D        | Noticed an ancient lich
  8404 | D        | Killed an ancient lich
  8408 | D        | Received a gift from Trog
  8414 | D        | Killed a Hell Sentinel
  8415 | D        | Noticed Lebup the pandemonium lord
  8418 | D        | Noticed the Serpent of Hell
  8418 | D        | Noticed Ufyucain the pandemonium lord
  8428 | D        | Killed Lebup the pandemonium lord
  8429 | D        | Reached skill level 15 in Throwing
  8447 | D        | HP: 1/187 [the Serpent of Hell (10)]
  8447 | D        | Mangled by the Serpent of Hell

Illustrated notes

Levels and vault maps discovered:
D:        pitsprint [storerooms_1, entrance_room_1, metal_vault_2, armoury_1,
          mini_pit_1, grid_room_1, main_hall_1, silver_pit, the_coven_1,
          the_vestibule_1, steel_vault_3, golden_pit, hallway_of_sentries,
          crystal_vault_3, iron_vault_5, final_vault]

Skill      XL: |  1  2  3  4  5  6  7  8  9 10 11 12 13 14 15 16 17 |
---------------+----------------------------------------------------+-----
Fighting       | 4 6 7 8 9 11 12 13 14 16 19 21 23 26 27 | 27.0
Armour         | 4 5 7 8 9 10 11 12 13 15 16 18 20 23 27 | 27.0
Shields        | 4 6 7 9 10 11 13 14 16 17 19 21 25 27 | 27.0
Axes           | 3 4 5 7 8 9 12 13 16 20 23 25 27 | 27.0
Dodging        | 1 2 3 5 6 7 8 10 11 | 11.4
Stealth        | 2 |  2.0
Evocations     | 1 5 7 15 18 | 18.7
Throwing       | 2 4 12 15 | 15.2

Action                   |  1- 3 |  4- 6 |  7- 9 | 10-12 | 13-15 | 16-18 || total
-------------------------+-------+-------+-------+-------+-------+-------++-------
Melee: Hand axe          |    22 |     8 |    35 |       |       |       ||    65
       Headbutt          |     4 |     3 |    14 |    38 |    57 |    39 ||   155
       War axe           |     1 |       |    24 |       |       |       ||    25
       Executioner's axe |       |       |       |    93 |       |       ||    93
       Broad axe         |       |       |       |    75 |   221 |   152 ||   448
Throw: Javelin           |       |       |       |       |     2 |       ||     2
Invok: Berserk           |     1 |     1 |     4 |     9 |    12 |     6 ||    33
       Brothers in Arms  |       |       |       |     1 |     4 |     1 ||     6
       Trog's Hand       |       |       |       |       |     1 |       ||     1
Evoke: Condenser vane    |       |       |       |       |     7 |     1 ||     8
       Phantom mirror    |       |       |       |       |     1 |       ||     1
  Use: Potion            |       |       |       |     3 |     8 |    11 ||    22
       Scroll            |       |       |       |       |     1 |       ||     1
 Stab: Distracted        |       |       |       |       |     2 |       ||     2
       Confused          |       |       |       |       |     3 |       ||     3
       Invisible         |       |       |       |       |     1 |       ||     1
Armor: Scale mail        |    12 |     1 |    15 |       |       |       ||    28
       Plate armour      |       |       |    18 |   119 |       |       ||   137
       Chain mail        |       |       |       |     3 |    23 |       ||    26
       Gold dragon scale |       |       |       |       |    28 |    49 ||    77
Dodge: Dodged            |     7 |     4 |    26 |   106 |    32 |    38 ||   213
Block: Kite shield       |    13 |     3 |    48 |    40 |    46 |       ||   150
       Tower shield      |       |       |       |       |    72 |   127 ||   199

Table legend: (Time is in decaauts)
 A = Elapsed time spent in this place.
 B = Non-inter-level travel time spent in this place.
 C = Inter-level travel time spent in this place.
 D = Time resting spent in this place.
 E = Time spent auto-exploring this place.
 F = Levels seen in this place.
 G = Mean time per level.
                   A        B        C        D        E       F      G
               +--------+--------+--------+--------+--------+-----+--------+
         Total |   8614 |   8614 |      0 |   6315 |     35 |   1 | 8614.0 |
       Dungeon |   8614 |   8614 |      0 |   6315 |     35 |   1 | 8614.0 |
               +--------+--------+--------+--------+--------+-----+--------+

Top non-repeatable levels by time:
       D: 8614 daAuts
